 Dungeon Crawl Stone Soup version 0.26-a0-259-g1effd001a9 (webtiles) character file.

Game seed: 8381299839533690202

631516 Lugonue the Sorcerer (level 26, -4/204 HPs)
             Began as a Demonspawn Gladiator on July 20, 2020.
             Was the Champion of Yredelemnul.
             Slain by an Orb Guardian (33 damage)
             ... on level 5 of the Realm of Zot on July 21, 2020.
             The game lasted 04:01:20 (86463 turns).

Lugonue the Sorcerer (Demonspawn Gladiator)        Turns: 86463, Time: 04:01:20

Health: -4/204     AC: 20    Str: 26      XL:     26   Next: 80%
Magic:  19/39      EV: 20    Int: 20 (22) God:    Yredelemnul [******]
Gold:   9400       SH: 16    Dex: 21 (22) Spells: 54/68 levels left

rFire    + + .     SeeInvis +   K - +8 demon blade "Leech" {vamp, *Rage +Rage rN+}
rCold    + + .     Faith    .   W - +1 kite shield {rPois}
rNeg     + + +     Spirit   .   E - +0 storm dragon scales
rPois    +         Reflect  .   (helmet unavailable)
rElec    +         Harm     .   D - +0 cloak of the Tuna {MR+ rCorr Str+5}
rCorr    +         Rnd*Rage +   k - +2 pair of gloves
MR       ++++.                  U - +2 pair of boots
Stlth    ++++++++..             V - macabre finger necklace {rN+}
HPRegen  0.84/turn              B - ring "Haleh" {Wiz rF+ Str+3 Int+4 SInv}
MPRegen  0.26/turn              T - ring of Hedonism {rN+ Str+2 Dex+5}
                                b - ring of protection from magic

@: about to teleport, resistant, marked
A: horns 3, thin skeletal structure 3, berserk 1, clumsy 2, cold resistance 1,
deformed body, demonic guardian 3, deterioration 1, low mp 2, magic resistance
1, nightstalker 3, regeneration 1, weak 1, freezing cloud immunity
}: 4/15 runes: decaying, slimy, silver, gossamer
a: Recall Undead Slaves, Injury Mirror, Animate Dead, Drain Life, Enslave Soul,
Renounce Religion, Evoke Berserk Rage


You were on level 5 of the Realm of Zot.
You worshipped Yredelemnul.
Yredelemnul was exalted by your worship.
You were not hungry.

You visited 14 branches of the dungeon, and saw 61 of its levels.
You also visited: Bailey.

You collected 11119 gold pieces.
You spent 1719 gold pieces at shops.

Inventory:

Hand Weapons
 G - a +9 double sword of draining
 K - the +8 demon blade "Leech" (weapon) {vamp, *Rage +Rage rN+}
   (You found it on level 5 of the Pits of Slime)

   It inflicts no extra harm, but heals its wielder when it wounds a living foe.
   It protects you from negative energy.
   It lets you go berserk.
   It may make you go berserk in combat.
Missiles
 d - a throwing net (quivered)
Armour
 k - a +2 pair of gloves (worn)
 D - the +0 cloak of the Tuna (worn) {MR+ rCorr Str+5}
   (You acquired it on level 1 of the Lair of Beasts)

   It affects your strength (+5).
   It affects your resistance to hostile enchantments.
   It provides partial protection from all sources of acid and corrosion.
 E - +0 storm dragon scales (worn)
 F - +0 gold dragon scales
 U - a +2 pair of boots (worn)
 W - a +1 kite shield of poison resistance (worn)
Jewellery
 b - a ring of protection from magic (on amulet)
 o - an uncursed ring of see invisible
 B - the ring "Haleh" (left hand) {Wiz rF+ Str+3 Int+4 SInv}
   (You acquired it on level 1 of the Lair of Beasts)

   [ring of wizardry]

   It improves your spell success rate.
   It affects your strength (+3).
   It affects your intelligence (+4).
   It protects you from fire.
   It lets you see invisible.
 Q - an uncursed amulet of the acrobat
 T - the ring of Hedonism (right hand) {rN+ Str+2 Dex+5}
   (You found it on level 4 of the Depths)

   [ring of positive energy]

   It affects your strength (+2).
   It affects your dexterity (+5).
   It protects you from negative energy.
 V - the macabre finger necklace (around neck) {rN+}
   (You found it on level 1 of the Crypt)

   [amulet of nothing]

   It protects you from negative energy.
 Z - the ring "Erapt" {Ice rPois}
   (You took it off a red draconian on level 2 of the Realm of Zot)

   [ring of ice]

   It enhances your ice magic.
   It makes you vulnerable to fire.
   It protects you from cold.
   It protects you from poison.
Wands
 a - a wand of acid (14)
 v - a wand of paralysis (48)
 y - a wand of disintegration (65)
 z - a wand of enslavement (27)
 J - a wand of iceblast (19)
 N - a wand of digging (12)
 R - a wand of polymorph (4)
 Y - a wand of clouds (1)
Scrolls
 c - 2 scrolls of torment
 e - 8 scrolls of fog
 g - 22 scrolls of remove curse
 h - 15 scrolls of teleportation
 i - 15 scrolls of enchant weapon
 l - 24 scrolls of identify
 m - 8 scrolls of blinking
 w - 6 scrolls of magic mapping
 x - 12 scrolls of enchant armour
 C - 7 scrolls of amnesia
 M - 11 scrolls of fear
 S - 6 scrolls of immolation
 X - a scroll of silence
Potions
 j - 3 potions of resistance
 n - 21 potions of curing
 p - 4 potions of magic
 q - 5 potions of might
 r - 3 potions of haste
 s - 10 potions of brilliance
 t - 2 potions of invisibility
 u - 14 potions of flight
 A - 4 potions of cancellation
 I - 7 potions of ambrosia
 L - 5 potions of stabbing
 P - a potion of heal wounds
Miscellaneous
 H - a tin of tremorstones (3/3)
 O - a phantom mirror
Comestibles
 f - 133 rations


   Skills:
 - Level 15.9 Fighting
 - Level 18.6 Long Blades
 - Level 1.8 Throwing
 - Level 15.0 Armour
 - Level 14.3 Dodging
 - Level 14.6 Stealth
 - Level 15.0 Shields
 + Level 21.7 Spellcasting
 - Level 3.7 Ice Magic
 - Level 15.4 Invocations
 - Level 10.0 Evocations


You had 54 spell levels left.
You knew the following spells:

 Your Spells              Type           Power        Failure   Level
a - Spectral Weapon       Hex/Chrm       ###.....     10%         3
b - Absolute Zero         Ice            #####.....   100%        9
c - Blink                 Tloc           N/A          4%          2

Your spell library contained the following spells:

 Spells                   Type           Power        Failure   Level
 Freeze                   Ice            ####         1%          1
 Frozen Ramparts          Ice            #####.       1%          3
 Ensorcelled Hibernation  Hex/Ice        ####..       2%          2
 Animate Skeleton         Necr           ###...       3%          1
 Apportation              Tloc           ###...       3%          1
 Beastly Appendage        Tmut           ###...       3%          1
 Corona                   Hex            ###....      3%          1
 Infusion                 Chrm           ###.         3%          1
 Pain                     Necr           ###.         3%          1
 Sandblast                Erth           ###...       3%          1
 Shock                    Conj/Air       ###.         3%          1
 Summon Butterflies       Summ           ###.....     3%          1
 Call Imp                 Summ           ###.....     4%          2
 Corpse Rot               Necr/Air       N/A          4%          2
 Passwall                 Tmut/Erth      ###.....     4%          2
 Poisonous Vapours        Pois/Air       ###...       4%          2
 Slow                     Hex            ###.....     4%          2
 Sticks to Snakes         Tmut           ###.....     4%          2
 Swiftness                Chrm/Air       ###.....     4%          2
 Ozocubu's Armour         Chrm/Ice       ####....     4%          3
 Call Canine Familiar     Summ           ###.....     10%         3
 Confusing Touch          Hex            ###.....     10%         3
 Conjure Flame            Conj/Fire      ###.....     10%         3
 Dazzling Flash           Conj/Hex       ###...       10%         3
 Gell's Gravitas          Tloc           ###.......   10%         3
 Ignite Poison            Fire/Tmut/Pois ###.....     10%         3
 Inner Flame              Hex/Fire       ###.....     10%         3
 Lesser Beckoning         Tloc           ###.......   10%         3
 Mephitic Cloud           Conj/Pois/Air  ###.....     10%         3
 Portal Projectile        Hex/Tloc       ###...       10%         3
 Recall                   Summ/Tloc      N/A          10%         3
 Spider Form              Tmut/Pois      ###.......   10%         3
 Static Discharge         Conj/Air       ###.....     10%         3
 Stone Arrow              Conj/Erth      ###...       10%         3
 Tukima's Dance           Hex            ###.....     10%         3
 Hailstorm                Conj/Ice       ####....     16%         4
 Ice Form                 Ice/Tmut       ####....     16%         4
 Summon Ice Beast         Ice/Summ       ####....     16%         4
 Airstrike                Air            ###.......   30%         4
 Animate Dead             Necr           ###.......   30%         4
 Cause Fear               Hex            ###.......   30%         4
 Dispel Undead            Necr           ###.....     30%         4
 Fulminant Prism          Conj/Hex       ###.......   30%         4
 Leda's Liquefaction      Hex/Erth       ###.......   30%         4
 Petrify                  Tmut/Erth      ###.....     30%         4
 Sticky Flame             Conj/Fire      ###.....     30%         4
 Summon Lightning Spire   Summ/Air       ###.....     30%         4
 Metabolic Englaciation   Hex/Ice        ####......   38%         5
 Agony                    Necr           ###.....     61%         5
 Alistair's Intoxication  Tmut/Pois      ###.....     61%         5
 Aura of Abjuration       Summ           ###.......   61%         5
 Blade Hands              Tmut           ###.......   61%         5
 Bolt of Magma            Conj/Fire/Erth ###.......   61%         5
 Borgnjor's Vile Clutch   Necr/Erth      ###.......   61%         5
 Fireball                 Conj/Fire      ###.......   61%         5
 Irradiate                Conj/Tmut      ###.......   61%         5
 Iskenderun's Battlesphe  Conj/Chrm      ###.....     61%         5
 Lee's Rapid Deconstruct  Erth           ###.......   61%         5
 Lightning Bolt           Conj/Air       ###.......   61%         5
 Silence                  Hex/Air        ###.......   61%         5
 Summon Demon             Summ           ###.......   61%         5
 Summon Forest            Summ/Tloc      ###.......   61%         5
 Summon Mana Viper        Hex/Summ       ###.....     61%         5
 Yara's Violent Unravell  Hex/Tmut       ###.......   61%         5
 Simulacrum               Ice/Necr       ####......   89%         6
 Freezing Cloud           Conj/Ice/Air   ####......   94%         6
 Darkness                 Hex            ###.......   99%         6
 Eringya's Noxious Bog    Tmut/Pois      ###.......   99%         6
 Hydra Form               Tmut           ###.......   99%         6
 Invisibility             Hex            ###.....     99%         6
 Iron Shot                Conj/Erth      ###.......   99%         6
 Shadow Creatures         Summ           N/A          99%         6
 Starburst                Conj/Fire      ###.......   99%         6
 Statue Form              Tmut/Erth      ###......    99%         6
 Dragon Form              Tmut           ###.......   100%        7
 Malign Gateway           Summ/Tloc      ###.......   100%        7
 Monstrous Menagerie      Summ           ###.......   100%        7
 Orb of Destruction       Conj           ###.......   100%        7
 Ring of Flames           Chrm/Fire      ###.......   100%        7
 Spellforged Servitor     Conj/Summ      ###.......   100%        7
 Summon Greater Demon     Summ           ###.......   100%        7
 Summon Hydra             Summ           ###.......   100%        7
 Chain Lightning          Conj/Air       ###.......   100%        8
 Ignition                 Fire           ###.......   100%        8
 Lehudib's Crystal Spear  Conj/Erth      ###.......   100%        8
 Summon Horrible Things   Summ           ###.......   100%        8
 Fire Storm               Conj/Fire      ###.......   100%        9
 Shatter                  Erth           ###.......   100%        9
 Tornado                  Air            ###.......   100%        9


Dungeon Overview and Level Annotations

Branches:
Dungeon (15/15)            Temple (1/1) D:7            Lair (6/6) D:8
  Swamp (4/4) Lair:3       Spider (4/4) Lair:2        Slime (5/5) Lair:6
    Orc (2/2) D:11            Elf (3/3) Orc:2        Vaults (5/5) D:14
  Crypt (3/3) Vaults:2       Tomb (0/3) Crypt:3      Depths (5/5) D:15
   Hell (visited)             Dis (2/7) Hell            Geh (0/7) Hell
    Coc (0/7) Hell            Tar (0/7) Hell            Zot (5/5) Depths:5
 Bailey (visited)

Altars:
Cheibriados
Dithmenos
Elyvilon
Gozag
Makhleb
Nemelex Xobeh
Ru
Sif Muna
Trog
Vehumet
Wu Jian
Yredelemnul
Jiyva

Shops:
D:6 (   D:8 (   D:13 *   D:15 [[   Orc:2 [[*!   Vaults:4 *

Portals:
Hell: Depths:1 Depths:2 Depths:3 Depths:4 Depths:5
Abyss: Depths:1 Depths:4
Pandemonium: Depths:1 Depths:3 Depths:5
Ziggurat: Depths:2

Annotations:
D:7 1 runed translucent door, exclusion: orange crystal statue
Lair:2 3 runed translucent doors, Gibetzo's ghost, journeyman GnSk; Kecisof's ghost, journeyman DDFi; Xaosum's ghost, journeyman OgFE
Spider:2 Roxanne
Elf:3 Xenophilius's ghost, adept KoBe


Innate Abilities, Weirdness & Mutations

You have a pair of large horns on your head.
You have an unnaturally thin skeletal structure. (Dex +6, Stealth++)
Your flesh is cold resistant. (rC+)
A powerful demonic guardian rushes to your aid.
You are completely attuned to the shadows.
You are immune to freezing clouds.
You tend to lose your temper in combat.
You are very clumsy. (Dex -4)
Armour fits poorly on your strangely shaped body.
Your body sometimes deteriorates upon taking damage.
Your magical capacity is very low. (-20% MP)
You are resistant to hostile enchantments. (MR+)
Your natural rate of healing is unusually fast.
You are weak. (Str -2)


Message History

Unknown command.
Press: ? - help, v - describe, . - travel
Here: an orb of fire The floor.
Unknown command.
You feel protected.
The orb of fire glows deep purple.
The bolt of fire hits the orb of fire.
The orb of fire completely resists.
The bolt of fire hits you!! You resist.
* * * LOW HITPOINT WARNING * * *
The Orb Guardian hits your Executioner!!
Your Executioner dies!
A Killer Klown comes into view. It is wielding a +8 vorpal club.
The black draconian knight casts a spell.
The black draconian knight seems to speed up.
You feel much better.
The electric golem crackles and sizzles.
You block the Orb Guardian's attack. The Orb Guardian hits you!!
You die...
Your body rises from the dead as a mindless zombie.

#########
##....^..q
......
##.....2d.d
......
##.......dX.
(....#
#...........
.....#
#.......D...
...*@#
#...........
...XX*#
#...........
.p..8.##
#.......
.....q(###......
.
#####..D###....
. ##...q##... .
###.8.^. .
#▓▓▓▓▓ # .


You could see 2 orbs of fire, a Killer Klown, an electric golem, a shadow
dragon, a black draconian knight (fast, icy armour, invisible) and 2 Orb
Guardians.

Vanquished Creatures
  the Royal Jelly (Slime:5)
  3 ancient liches
  A juggernaut (Depths:2)
  5 caustic shrikes (Depths:5)
  A profane servitor (Crypt:1)
  4 golden dragons
  2 electric golems
  A bone dragon (Crypt:3)
  A Tzitzimitl (Dis:1)
  A Hell Sentinel (Dis:1)
  A hellephant (Dis:1)
  13 tentacled monstrosities
  7 Orb Guardians (Zot:5)
  3 liches
  A deep elf blademaster (Elf:3)
  3 quicksilver dragons
  11 acid blobs (Slime:5)
  A titan (Vaults:5)
  5 death cobs
  3 ancient champions
  A thorn hunter (Swamp:2)
  2 draconian monks
  4 shadow dragons
  4 sphinxes
  An Executioner (Dis:1)
  7 storm dragons
  5 tengu reavers
  7 fire giants
  2 revenants (Crypt:1)
  6 azure jellies (Slime:5)
  2 deep elf sorcerers (Vaults:5)
  2 vault wardens
  2 draconian scorchers (Zot:2)
  4 frost giants
  Aizul (Swamp:2)
  2 deep elf elementalists (Elf:3)
  4 balrugs
  2 curse skulls (Crypt:1)
  2 draconian annihilators (Zot:2)
  2 draconian shifters (Zot:4)
  2 emperor scorpions
  3 draconian knights
  2 ghost moths
  3 draconian stormcallers
  6 ironheart preservers
  6 ghouls
  7 reapers
  An entropy weaver (Spider:1)
  6 war gargoyles
  17 stone giants
  28 very ugly things
  3 vampire knights
  8 black draconians
  5 green draconians
  6 yellow draconians
  5 deep elf annihilators
  An entropy weaver (shapeshifter) (Depths:5)
  2 white draconians
  8 purple draconians
  An ettin (shapeshifter) (Depths:2)
  7 red draconians
  5 deep elf death magi
  3 eidola
  11 ettins
  A merfolk javelineer (Depths:4)
  12 yaktaur captains
  4 death oozes
  6 jiangshi (Crypt:2)
  12 fire dragons
  3 deep elf high priests (Vaults:5)
  10 ogre magi
  A hell beast (Hell)
  10 great orbs of eyes
  9 hydras
  8 vault guards
  4 rakshasas
  2 shambling mangroves
  14 ice dragons
  8 spriggan air magi
  A catoblepas (Lair:6)
  12 centaur warriors
  2 death yaks (Lair:6)
  36 two-headed ogres
  7 dancing weapons
  5 alligators
  3 tengu warriors (Depths:2)
  A death knight (Vaults:5)
  7 deep troll earth magi
  5 deep troll shamans
  7 vampire magi
  3 small abominations
  5 spriggan berserkers
  A hell hog (Hell)
  4 soul eaters
  Nergalle (D:10)
  8 deep elf knights
  14 hell knights
  2 titan skeletons (Crypt:3)
  Sonja (Lair:6)
  5 sun demons (Hell)
  An iron troll (Depths:5)
  23 skeletal warriors
  A shadow wraith (Crypt:1)
  2 ghost moth zombies (Dis:1)
  26 deep trolls
  An anaconda zombie (Dis:1)
  2 storm dragon skeletons (Crypt:3)
  5 flayed ghosts
  An unseen horror (D:10)
  2 swamp dragons (Swamp:1)
  4 glowing orange brains
  2 wizards
  2 spectral hydras (Swamp:4)
  2 shadow dragon zombies
  6 deep elf archers
  4 harpies (shapeshifter)
  2 lindwurms
  9 phantasmal warriors
  4 ironbrand convokers
  6 orc knights
  2 wolf spiders (shapeshifter)
  4 harpies
  2 oklob plants
  5 orb spiders
  10 necromancers
  An orc sorcerer (Orc:1)
  27 ugly things
  A fire giant zombie (Crypt:2)
  6 cyclopes
  A wolf spider zombie (Crypt:3)
  28 deep elf magi
  A shining eye (Slime:4)
  10 wolf spiders
  A faun (shapeshifter) (Depths:4)
  2 stone giant zombies
  3 frost giant zombies (Dis:1)
  7 fire giant skeletons
  5 large abominations (Depths:1)
  A salamander (shapeshifter) (Vaults:2)
  2 vault sentinels
  8 manticores
  A salamander (Depths:3)
  2 elephants (Lair:3)
  23 moths of wrath
  A black mamba (shapeshifter) (Depths:1)
  2 frost giant skeletons
  Psyche (D:9)
  A guardian serpent (shapeshifter) (Vaults:1)
  4 black mambas
  9 rust devils
  5 smoke demons
  5 torpor snails
  2 dire elephant skeletons (Crypt:3)
  11 cane toads
  An elephant slug zombie (Crypt:1)
  5 gargoyles
  A kobold demonologist (D:12)
  4 hellions
  A rime drake (shapeshifter) (Depths:5)
  A freezing wraith (Vaults:2)
  2 rime drakes
  2 demonic crawlers
  13 ice devils
  A tormentor (Dis:1)
  A guardian mummy (Crypt:3)
  4 komodo dragons
  19 yaktaurs
  4 red devils
  A minotaur skeleton (Crypt:2)
  4 tengu conjurers
  A golden dragon simulacrum (Crypt:2)
  A troll (shapeshifter) (D:15)
  3 hydra zombies
  A sea snake skeleton (Crypt:2)
  A jumping spider (shapeshifter) (D:13)
  16 jumping spiders
  3 trolls
  A shadow dragon simulacrum (Crypt:2)
  A polar bear (Lair:6)
  Grinder (D:4)
  A hippogriff (shapeshifter) (Depths:1)
  An alligator zombie (Swamp:4)
  A harpy skeleton (Crypt:3)
  A hornet (shapeshifter) (Vaults:5)
  17 hornets
  A hydra skeleton (Crypt:3)
  56 slime creatures
  A blink frog (Lair:2)
  4 bog bodies
  2 ice dragon zombies
  A snapping turtle (shapeshifter) (Vaults:4)
  An ettin zombie (Vaults:5)
  5 dream sheep (Lair:4)
  2 alligator skeletons (Hell)
  A fire dragon zombie (Crypt:2)
  6 hippogriffs
  2 tyrant leeches
  9 shadows
  Sigmund (D:6)
  22 tarantellas
  A wyvern (Lair:4)
  12 flying skulls
  6 fire dragon skeletons (Crypt:3)
  11 spriggans
  10 wraiths
  An ice dragon skeleton (Crypt:3)
  2 ushabtiu (Crypt:3)
  A tarantella (shapeshifter) (Vaults:1)
  9 water elementals
  48 redbacks
  31 yaks
  4 fire elementals
  A chaos spawn (Depths:1)
  A vampire (D:15)
  9 humans (D:14)
  A neqoxec (Depths:5)
  9 vampire mosquitoes
  A yaktaur simulacrum (Vaults:3)
  Edmund (D:6)
  4 swamp worms
  An infernal demonspawn zombie (Crypt:1)
  11 soldier ants
  An acid dragon (shapeshifter) (D:15)
  2 insubstantial wisps (Swamp:4)
  2 acid dragons
  7 water moccasins
  4 wargs
  33 hell hounds
  29 orc warriors
  2 hydra simulacra (Hell)
  3 swamp drakes
  6 porcupines
  3 eyes of draining
  A cane toad skeleton (Hell)
  3 swamp dragon zombies (Swamp:4)
  3 phantoms
  4 sky beasts
  2 ice beasts (D:10)
  10 boggarts
  An eye of draining (shapeshifter) (Vaults:2)
  2 human skeletons
  24 ogres
  2 wolves
  23 centaurs
  A torpor snail zombie (Crypt:2)
  9 crocodiles
  5 big kobolds
  12 bullfrogs
  2 wyvern skeletons
  An earth elemental (Elf:2)
  A water moccasin skeleton (D:9)
  2 scorpions
  14 killer bees
  14 wights
  An electric eel (D:15)
  5 spriggan skeletons (D:9)
  A troll skeleton (D:9)
  6 howler monkeys
  2 bullfrog zombies
  3 crimson imps
  A wolf skeleton (Crypt:2)
  A lava snake (Lair:6)
  A human zombie (Crypt:2)
  A yellow draconian zombie (Zot:1)
  3 quasits
  A black draconian zombie (Zot:1)
  2 centaur zombies
  6 jellies
  12 orc priests
  2 centaur skeletons
  11 hounds
  9 bullfrog skeletons
  3 iguanas
  8 iron imps
  A black bear skeleton (Crypt:1)
  19 orc wizards
  3 spectral swamp drakes (Swamp:4)
  21 worker ants
  A killer bee zombie (D:5)
  A deep dwarf zombie (Crypt:1)
  An ogre skeleton (Crypt:1)
  A tengu skeleton (Crypt:2)
  A felid skeleton (Crypt:1)
  2 hound zombies
  8 mummies (Crypt:3)
  15 gnolls
  A howler monkey skeleton (D:9)
  13 adders
  A shadow imp (D:10)
  4 white imps
  An ooze (D:2)
  A worm zombie (Crypt:2)
  An adder skeleton (D:9)
  6 worms
  5 dart slugs
  6 leopard geckos
  63 orcs
  4 bats
  6 giant cockroaches
  9 goblins
  8 hobgoblins
  10 jackals
  4 quokkas
  3 frilled lizards
  21 kobolds
  A leopard gecko zombie (Crypt:1)
  5 rats
  A butterfly (Lair:2)
  3 crawling corpses
1770 creatures vanquished.

Vanquished Creatures (collateral kills)
  An ancient lich (Crypt:3)
  An orb of fire (Zot:1)
  A juggernaut (Depths:2)
  Saint Roka (Elf:2)
  A caustic shrike (Depths:4)
  Xtahua (Vaults:5)
  Geryon (Hell)
  4 golden dragons
  2 bone dragons
  Arachne (Spider:4)
  A lich (Depths:4)
  A shard shrike zombie (Crypt:2)
  The ghost of Getac the Hand of Fortune, an adept DsGl of Nemelex Xobeh (Vaults:4)
  4 tentacled monstrosities
  A Hell Sentinel (Dis:1)
  3 Orb Guardians (Zot:5)
  Jorgrun (Elf:2)
  An electric golem (Zot:3)
  2 deep elf master archers (Elf:3)
  A titan (Depths:2)
  A deep elf blademaster (Elf:3)
  An acid blob (Slime:5)
  Gastronok (D:9)
  3 sphinxes
  A thorn hunter (Swamp:3)
  A draconian monk (Zot:2)
  4 tengu reavers
  4 storm dragons
  A shadow dragon (Zot:3)
  2 azure jellies (Slime:5)
  2 revenants
  Donald (Spider:4)
  4 frost giants
  A draconian scorcher (Zot:2)
  A cacodemon (Depths:5)
  6 deep elf sorcerers
  A ghost moth (shapeshifter) (Vaults:5)
  4 emperor scorpions (Spider:4)
  6 deep elf elementalists
  An iron dragon (Hell)
  8 vault wardens
  A draconian shifter (Zot:2)
  2 ghouls
  Louise (Elf:2)
  A curse skull (Crypt:3)
  5 ghost moths
  2 draconian stormcallers (Zot:2)
  6 draconian annihilators
  5 very ugly things
  17 stone giants
  3 war gargoyles
  3 reapers
  6 ironheart preservers
  4 vampire knights
  4 entropy weavers
  5 green draconians
  A purple draconian (Depths:5)
  5 deep elf demonologists (Elf:3)
  8 black draconians
  3 yellow draconians
  5 deep elf annihilators
  A white draconian (Zot:2)
  2 eidola
  6 red draconians
  3 spark wasps
  7 deep elf death magi
  4 ettins
  5 death oozes (Slime:5)
  2 merfolk impalers (Depths:5)
  5 jiangshi
  A quicksilver dragon zombie (Crypt:3)
  12 ogre magi
  4 fire dragons
  7 yaktaur captains
  5 deep elf high priests
  2 great orbs of eyes
  A rakshasa (Vaults:2)
  14 hydras
  8 ice dragons
  21 vault guards
  2 shambling mangroves
  3 catoblepae
  3 death knights
  7 centaur warriors
  2 ghost crabs (Swamp:4)
  10 alligators
  16 two-headed ogres
  18 dancing weapons
  7 deep troll earth magi
  A queen ant (Spider:1)
  2 death yaks (Lair:6)
  4 deep troll shamans
  2 tengu warriors
  3 orc high priests (Orc:2)
  10 hell knights
  3 small abominations
  3 vampire magi
  2 sun demons (Hell)
  A storm dragon zombie (Vaults:3)
  12 deep elf knights
  A fire crab (shapeshifter) (Vaults:3)
  An iron troll (Depths:4)
  20 skeletal warriors
  12 deep trolls
  2 unseen horrors
  2 swamp dragons
  15 deep elf archers
  An anaconda skeleton (Hell)
  A tengu zombie (Vaults:2)
  3 wizards
  4 harpies
  A shadow dragon zombie (Vaults:5)
  9 orc knights
  4 phantasmal warriors
  12 necromancers
  12 ironbrand convokers
  A human zombie (Vaults:5)
  9 orb spiders
  An orb spider (shapeshifter) (Vaults:2)
  3 orc sorcerers (Orc:2)
  33 ugly things
  A frost giant zombie (Vaults:5)
  A tengu skeleton (Vaults:3)
  41 deep elf magi
  22 wolf spiders
  5 manticores
  A fire giant zombie (Vaults:5)
  2 oklob plants (Lair:6)
  A sphinx skeleton (Vaults:5)
  3 elephants (Lair:3)
  11 moths of wrath
  9 vault sentinels
  A fire giant skeleton (Crypt:3)
  A water nymph (shapeshifter) (Vaults:5)
  2 rust devils
  A black mamba (Lair:6)
  A torpor snail (Spider:2)
  A guardian serpent (shapeshifter) (Elf:3)
  A centaur zombie (D:14)
  A stone giant skeleton (Vaults:5)
  An eye of devastation (Slime:5)
  3 smoke demons (Hell)
  7 cane toads
  2 gargoyles (Crypt:3)
  A rime drake (Lair:5)
  3 swamp worm zombies (Swamp:4)
  3 freezing wraiths
  A komodo dragon (Lair:5)
  21 yaktaurs
  A kobold demonologist (D:12)
  3 red devils (Hell)
  A yaktaur skeleton (Vaults:5)
  A troll (shapeshifter) (Vaults:2)
  2 trolls
  A polar bear (shapeshifter) (Vaults:1)
  21 jumping spiders
  2 human skeletons
  5 demonic crawlers
  A hydra zombie (Swamp:4)
  A polar bear (Lair:6)
  A black draconian skeleton (Crypt:2)
  15 hornets
  5 tyrant leeches
  21 slime creatures
  2 blink frogs (Lair:2)
  2 alligator zombies (Swamp:4)
  A hippogriff (Lair:5)
  A dream sheep (Lair:4)
  8 bog bodies
  A raiju (shapeshifter) (Vaults:3)
  A stone giant simulacrum (Vaults:3)
  2 flying skulls (Crypt:1)
  A guardian serpent skeleton (Crypt:1)
  4 water elementals
  2 shadows
  A wyvern (D:10)
  2 redbacks (shapeshifter)
  An elf zombie (Vaults:5)
  3 fire dragon skeletons (Crypt:3)
  15 tarantellas
  A wraith (Crypt:3)
  38 redbacks
  16 yaks
  6 spriggans
  4 fire elementals
  10 humans (D:14)
  Eustachio (D:6)
  3 large abominations (Depths:1)
  18 vampire mosquitoes
  A warg (shapeshifter) (Depths:3)
  A basilisk (Lair:5)
  A chaos spawn (Depths:1)
  18 insubstantial wisps
  16 soldier ants
  8 swamp worms
  2 acid dragons
  A floating eye (Depths:4)
  2 hell hounds
  A porcupine (Lair:5)
  3 water moccasins
  A very ugly thing zombie (Depths:1)
  A swamp dragon zombie (Swamp:4)
  19 orc warriors
  An orc zombie (Vaults:2)
  5 swamp drakes
  A water nymph skeleton (Crypt:2)
  An eye of draining (shapeshifter) (Vaults:4)
  2 phantoms (Swamp:4)
  A manticore zombie (Dis:1)
  A necrophage (Crypt:2)
  An alligator simulacrum (Hell)
  19 ogres
  4 boggarts
  4 wolves
  8 centaurs
  6 crocodiles
  4 big kobolds
  A bullfrog (Lair:5)
  A human simulacrum (Vaults:2)
  An ugly thing zombie (Depths:1)
  A killer bee (D:7)
  A wight (D:8)
  3 howler monkeys
  An electric eel (D:15)
  2 wolf spider zombies
  2 crimson imps
  A redback zombie (Spider:4)
  A jelly (D:10)
  9 orc priests
  7 orc wizards
  2 spectral swamp drakes (Swamp:4)
  4 worker ants
  A gnoll (Orc:2)
  A swamp drake zombie (Swamp:4)
  A halfling zombie (Crypt:2)
  An adder skeleton (D:7)
  A deep troll zombie (Vaults:5)
  31 orcs
  4 kobolds
  3 crawling corpses
  6 fungi
  7 plants
  10 withered plants (Crypt:3)
1148 creatures vanquished.

Vanquished Creatures (others)
  5 profane servitors
  11 bone dragons
  8 ghouls
  12 vampire knights
  A red draconian (Zot:3)
  A tengu warrior (Depths:2)
  15 skeletal warriors
  13 flayed ghosts
  14 phantasmal warriors
  A spectral deep troll (Depths:4)
  2 caustic shrike zombies (Depths:5)
  6 flying skulls
  A wraith (Lair:5)
  22 vampires
  6 very ugly thing zombies
  2 ogres
  A boggart (Depths:2)
  4 fire dragon zombies
  2 titan zombies
  2 wights
  8 wolf spider zombies
  A fire giant zombie (Depths:2)
  2 spark wasp zombies
  9 stone giant zombies
  2 black draconian zombies
  30 redback zombies
  4 draconian zombies
  2 emperor scorpion zombies (Spider:4)
  6 yaktaur zombies
  2 frost giant zombies
  An orc wizard (Orc:2)
  15 ugly thing zombies
  A black mamba zombie (Lair:6)
  A green draconian zombie (Zot:1)
  A yellow draconian zombie (Zot:1)
  A catoblepas zombie (Lair:6)
  A death yak zombie (Lair:6)
  2 hydra zombies
  An ettin zombie (Depths:2)
  23 human zombies
  2 ghoul skeletons
  9 jumping spider zombies
  8 tarantella zombies
  2 mummies (D:11)
  A cane toad zombie (Lair:6)
  A demonic crawler zombie (Spider:4)
  3 moth of wrath zombies
  13 deep troll zombies
  7 two-headed ogre zombies
  An elf skeleton (Elf:3)
  4 ice dragon zombies
  3 torpor snail zombies
  3 centaur zombies (Depths:1)
  9 hell hound zombies
  7 hornet zombies
  2 wolf skeletons (D:11)
  A bullfrog zombie (D:7)
  2 dream sheep zombies (Lair:4)
  33 elf zombies
  2 komodo dragon zombies
  2 lindwurm zombies
  2 manticore zombies
  10 spriggan zombies
  3 tengu zombies
  A troll zombie (D:10)
  A water moccasin zombie (Lair:2)
  4 orb spider zombies
  A cyclops zombie (D:11)
  3 orcs (Vaults:3)
  7 crocodile zombies
  A polar bear zombie (Lair:6)
  6 soldier ant zombies (Spider:1)
  15 yak zombies
  A hound zombie (D:10)
  2 killer bee zombies (D:10)
  14 ogre zombies
  25 orc zombies
  3 porcupine zombies
  11 rat skeletons (Orc:2)
  3 warg zombies
  4 worker ant zombies (Spider:1)
  2 yak skeletons (Orc:2)
  A bush (Lair:4)
  3 fungi (Lair:6)
  39 plants
  9 spectral weapons
528 creatures vanquished.

Grand Total: 3446 creatures vanquished

Notes
Turn   | Place    | Note
-------+----------+-------------------------------------------
     0 | D:1      | Lugonue the Demonspawn Gladiator began the quest for the
                  | Orb.
     0 | D:1      | Reached XP level 1. HP: 16/16 MP: 1/1
   298 | D:1      | Gained mutation: You have a pair of small horns on your
                  | head. [demonic ancestry]
   298 | D:1      | Reached XP level 2. HP: 18/22 MP: 2/2
   978 | D:2      | Gained mutation: You are slightly more attuned to the
                  | shadows. [demonic ancestry]
   978 | D:2      | Reached XP level 3. HP: 20/28 MP: 3/3
  1330 | D:2      | Reached XP level 4. HP: 29/34 MP: 4/4
  1332 | D:2      | Reached skill level 1 in Armour
  1661 | D:2      | Reached XP level 5. HP: 26/41 MP: 5/5
  2407 | D:3      | Reached skill level 1 in Stealth
  2727 | D:3      | Found a shadowy altar of Dithmenos.
  2756 | D:3      | Gained mutation: You are significantly more attuned to the
                  | shadows. [demonic ancestry]
  2756 | D:3      | Reached XP level 6. HP: 31/47 MP: 6/6
  3048 | D:3      | Found a bloodstained altar of Trog.
  3078 | D:3      | Found a sacrificial altar of Ru.
  3082 | D:3      | You fall into a shaft and drop 3 floors!
  3104 | D:6      | Noticed Edmund
  3176 | D:5      | Entered Level 5 of the Dungeon
  3868 | D:4      | Reached skill level 5 in Long Blades
  4005 | D:4      | Noticed Grinder
  4019 | D:4      | Paralysed by Grinder for 2 turns
  4026 | D:4      | Killed Grinder
  4026 | D:4      | Reached XP level 7. HP: 36/53 MP: 7/7
  4260 | D:3      | Found a faded altar of an unknown god.
  4279 | D:3      | Became a worshipper of Yredelemnul the Dark
  4279 | D:3      | Reached * piety under Yredelemnul
  5057 | D:5      | Gained mutation: A weak demonic guardian rushes to your
                  | aid. [demonic ancestry]
  5057 | D:5      | Reached XP level 8. HP: 60/60 MP: 8/8
  5478 | D:6      | Killed Edmund
  5582 | D:6      | Noticed Eustachio
  5593 | D:6      | Killed Eustachio
  5955 | D:6      | Reached ** piety under Yredelemnul
  5971 | D:6      | Got a steaming falchion
  5972 | D:6      | Identified the +5 falchion "Fagoushry" {drain, MR+ Int+4
                  | Dex-3} (You found it on level 6 of the Dungeon)
  6119 | D:6      | Found a white marble altar of Elyvilon.
  6200 | D:6      | Noticed Sigmund
  6207 | D:6      | Killed Sigmund
  6329 | D:6      | Found Qaeggeps's Antique Weapon Boutique.
  6411 | D:6      | Reached skill level 5 in Fighting
  6760 | D:7      | Gained mutation: You have a pair of horns on your head.
                  | [demonic ancestry]
  6760 | D:7      | Reached XP level 9. HP: 51/68 MP: 9/9
  7110 | D:7      | Found a staircase to the Ecumenical Temple.
  7117 | Temple   | Entered the Ecumenical Temple
  7369 | D:7      | Found a runed translucent door.
  7373 | D:7      | Found the +10 tower shield of Ignorance {rN+ Int-4}
  7375 | D:7      | Noticed an orange crystal statue
  7412 | D:7      | Found a runed translucent door.
  7806 | D:8      | Reached skill level 5 in Armour
  8280 | D:8      | Reached *** piety under Yredelemnul
  8428 | D:8      | Reached skill level 5 in Stealth
  8600 | D:8      | Found a staircase to the Lair.
  8621 | D:8      | Reached skill level 1 in Evocations
  8640 | D:8      | Found Peenkucw's Weapon Shop.
  8825 | D:8      | Reached XP level 10. HP: 59/77 MP: 10/10
  9318 | D:9      | Noticed Psyche
  9324 | D:9      | Killed Psyche
  9519 | D:9      | Received a gift from Yredelemnul (a mummy)
  9656 | D:9      | Noticed Gastronok
  9675 | D:9      | Killed Gastronok
  9675 | D:9      | Reached skill level 1 in Invocations
 10127 | D:10     | Entered Level 10 of the Dungeon
 10188 | D:10     | Killed an unseen horror
 10188 | D:10     | Reached skill level 10 in Long Blades
 10188 | D:10     | Reached skill level 5 in Dodging
 10192 | D:10     | Reached **** piety under Yredelemnul
 10333 | D:10     | Noticed Nergalle
 10710 | D:10     | Gained mutation: You are completely attuned to the shadows.
                  | [demonic ancestry]
 10710 | D:10     | Reached XP level 11. HP: 22/84 MP: 12/12
 11038 | D:10     | Killed Nergalle
 11436 | D:10     | Found a shimmering blue altar of Sif Muna.
 11898 | D:11     | Found a staircase to the Orcish Mines.
 12051 | D:11     | Received a gift from Yredelemnul (a mummy)
 12233 | D:11     | Noticed a green ugly thing
 12243 | D:11     | Killed a green ugly thing
 12559 | D:11     | Noticed a two-headed ogre
 12564 | D:11     | Killed a two-headed ogre
 12818 | D:11     | Noticed a white ugly thing
 12828 | D:11     | Killed a white ugly thing
 13063 | D:11     | Noticed an ogre mage
 13073 | D:11     | Noticed a two-headed ogre
 13085 | D:11     | Killed a two-headed ogre
 13093 | D:11     | Killed an ogre mage
 13704 | Lair:1   | Entered Level 1 of the Lair of Beasts
 13804 | Lair:1   | Received a gift from Yredelemnul (3 flying skulls)
 14079 | Lair:1   | Noticed an eight-headed hydra
 14085 | Lair:1   | Killed an eight-headed hydra
 14812 | Lair:2   | Reached XP level 12. HP: 94/94 MP: 15/15
 14915 | Lair:2   | Received a gift from Yredelemnul (a wight)
 15275 | Lair:2   | Noticed an eight-headed hydra
 15289 | Lair:2   | Killed an eight-headed hydra
 15289 | Lair:2   | Reached skill level 5 in Invocations
 15381 | Lair:2   | Noticed a six-headed hydra
 15395 | Lair:2   | Killed a seven-headed hydra
 15576 | Lair:2   | Found a runed translucent gate.
 15577 | Lair:2   | Found a runed translucent gate.
 15675 | Lair:2   | Found a runed translucent gate.
 15676 | Lair:2   | Noticed Kecisof's ghost (journeyman DDFi)
 15679 | Lair:2   | Noticed Kecisof's ghost (journeyman DDFi)
 15680 | Lair:2   | Noticed Xaosum's ghost (journeyman OgFE)
 15681 | Lair:2   | Noticed Gibetzo's ghost (journeyman GnSk)
 15911 | Lair:2   | Found a hole to the Spider Nest.
 16089 | Lair:2   | Received a gift from Yredelemnul (a wight)
 16219 | Lair:3   | Reached skill level 1 in Shields
 17159 | Lair:3   | Found a staircase to the Swamp.
 18022 | Lair:4   | Identified a scroll of acquirement
 18022 | Lair:4   | Acquired a +5 vorpal double sword
 18059 | Lair:4   | Identified the Catalogue of Inference
 18064 | Lair:4   | Learned a level 2 spell: Blink
 18271 | Lair:4   | Received a gift from Yredelemnul (a vampire)
 18501 | Lair:4   | Noticed a five-headed hydra
 18856 | Lair:4   | Found a snail-covered altar of Cheibriados.
 19498 | Lair:4   | Gained mutation: A demonic guardian rushes to your aid.
                  | [demonic ancestry]
 19498 | Lair:4   | Reached XP level 13. HP: 85/101 MP: 17/17
 19684 | Lair:4   | Paralysed by a hornet for 2 turns
 19782 | Lair:4   | Received a gift from Yredelemnul (a vampire)
 20599 | Lair:5   | Received a gift from Yredelemnul (a wraith)
 21282 | Lair:5   | Received a gift from Yredelemnul (3 flying skulls)
 22208 | Lair:6   | Entered Level 6 of the Lair of Beasts
 22750 | Lair:6   | Noticed Sonja
 22933 | Lair:6   | Reached ***** piety under Yredelemnul
 23167 | Lair:6   | Received a gift from Yredelemnul (a phantasmal warrior)
 23455 | Lair:6   | Received a gift from Yredelemnul (a vampire)
 23725 | Lair:6   | Found the +2 ratskin cloak {+Rats rPois rN+ Str-1 Int-1
                  | Dex+1}
 24092 | Lair:6   | Found a staircase to the Slime Pits.
 24831 | Lair:6   | Killed Sonja
 25195 | Spider:1 | Entered Level 1 of the Spider Nest
 25210 | Spider:1 | Reached XP level 14. HP: 50/109 MP: 19/19
 25428 | Spider:1 | Received a gift from Yredelemnul (a skeletal warrior)
 25529 | Spider:1 | Reached skill level 10 in Fighting
 26214 | Spider:1 | Received a gift from Yredelemnul (a phantasmal warrior)
 26244 | Spider:1 | Noticed an entropy weaver
 26248 | Spider:1 | Received a gift from Yredelemnul (a skeletal warrior)
 26275 | Spider:1 | Noticed an entropy weaver
 26293 | Spider:1 | Killed an entropy weaver
 26326 | Spider:1 | Received a gift from Yredelemnul (a phantasmal warrior)
 26335 | Spider:1 | Killed an entropy weaver
 27084 | Spider:2 | Received a gift from Yredelemnul (a skeletal warrior)
 27455 | Spider:2 | Reached skill level 10 in Armour
 27520 | Spider:2 | Identified Roxanne's Grimoire of Earth
 27520 | Spider:2 | Noticed Roxanne
 27594 | Spider:2 | Received a gift from Yredelemnul (a ghoul)
 28213 | Orc:1    | Entered Level 1 of the Orcish Mines
 28345 | Orc:1    | Received a gift from Yredelemnul (a bone dragon)
 28505 | Orc:2    | Entered Level 2 of the Orcish Mines
 28582 | Orc:2    | Reached ****** piety under Yredelemnul
 28719 | Orc:2    | Received a gift from Yredelemnul (a phantasmal warrior)
 28724 | Orc:2    | Found Geisa's Antique Armour Shop.
 28726 | Orc:2    | Found Pymitiut's Distillery.
 28726 | Orc:2    | Found Raipeec's Assorted Antiques.
 28729 | Orc:2    | Bought a glowing kite shield for 247 gold pieces
 28729 | Orc:2    | Found Waowic's Antique Armour Emporium.
 28731 | Orc:2    | Bought a potion of heal wounds for 60 gold pieces
 29039 | Orc:2    | Found a radiant altar of Vehumet.
 29158 | Orc:2    | Found a staircase to the Elven Halls.
 29225 | Orc:2    | Received a gift from Yredelemnul (a phantasmal warrior)
 29379 | Elf:1    | Entered Level 1 of the Elven Halls
 29631 | Elf:1    | Reached skill level 10 in Invocations
 29638 | Elf:1    | Received a gift from Yredelemnul (a phantasmal warrior)
 29819 | Elf:1    | Gained mutation: You have a pair of large horns on your
                  | head. [demonic ancestry]
 29819 | Elf:1    | Reached XP level 15. HP: 119/119 MP: 22/22
 30421 | Elf:1    | Received a gift from Yredelemnul (a skeletal warrior)
 30882 | Elf:2    | Noticed Saint Roka
 30900 | Elf:2    | Killed Saint Roka
 31176 | Elf:2    | Found a runed translucent gate.
 31176 | Elf:2    | Found a runed translucent gate.
 31176 | Elf:2    | Found a runed translucent gate.
 31245 | Elf:2    | Found a shimmering blue altar of Sif Muna.
 31387 | Elf:2    | Received a gift from Yredelemnul (a skeletal warrior)
 31470 | Elf:2    | Reached skill level 10 in Stealth
 31478 | Elf:2    | Received a gift from Yredelemnul (a vampire knight)
 31488 | Elf:2    | Noticed Jorgrun
 31494 | Elf:2    | Killed Jorgrun
 31496 | Elf:2    | Noticed Louise
 31506 | Elf:2    | Killed Louise
 31512 | Elf:2    | Received a gift from Yredelemnul (a flayed ghost)
 31703 | Elf:2    | Reached skill level 10 in Dodging
 32283 | Elf:3    | Entered Level 3 of the Elven Halls
 32337 | Elf:3    | Received a gift from Yredelemnul (a profane servitor)
 33190 | Elf:3    | Identified the +6 mace "Koenkoz" {flame, MR- Str+5}
 33206 | Elf:3    | Gained mutation: A powerful demonic guardian rushes to your
                  | aid. [demonic ancestry]
 33206 | Elf:3    | Reached XP level 16. HP: 127/127 MP: 24/24
 33233 | Elf:3    | Noticed a deep elf blademaster
 33235 | Elf:3    | Received a gift from Yredelemnul (a flayed ghost)
 33236 | Elf:3    | Identified the cursed +1 spear of Ereqyqi {flame, rPois
                  | SInv Stlth-}
 33247 | Elf:3    | Noticed a deep elf master archer
 33248 | Elf:3    | Noticed a deep elf master archer
 33251 | Elf:3    | Noticed a deep elf blademaster
 33251 | Elf:3    | Killed a deep elf blademaster
 33257 | Elf:3    | Killed a deep elf master archer
 33259 | Elf:3    | Killed a ghostly deep elf master archer
 33261 | Elf:3    | Killed a deep elf blademaster
 33264 | Elf:3    | Noticed a Hell Sentinel
 33270 | Elf:3    | Killed a deep elf master archer
 33734 | Elf:3    | Found a runed translucent gate.
 33734 | Elf:3    | Found a runed translucent gate.
 33734 | Elf:3    | Found a runed translucent gate.
 33842 | Elf:3    | Received a gift from Yredelemnul (a flayed ghost)
 33873 | Elf:3    | Noticed an Executioner
 34018 | Elf:3    | Identified the Handbook of Creative Bewitchment
 34042 | Elf:3    | Identified Curu's Compendium of Enhancements and Air
 34191 | Elf:3    | Noticed Xenophilius's ghost (adept KoBe)
 34242 | Elf:3    | Received a gift from Yredelemnul (a skeletal warrior)
 36031 | Spider:3 | Reached skill level 5 in Shields
 36786 | Spider:4 | Entered Level 4 of the Spider Nest
 36806 | Spider:4 | Noticed Arachne
 36818 | Spider:4 | Received a gift from Yredelemnul (a vampire knight)
 36820 | Spider:4 | Killed Arachne
 37529 | Spider:4 | Received a gift from Yredelemnul (a vampire)
 37530 | Spider:4 | Noticed Donald
 37542 | Spider:4 | Received a gift from Yredelemnul (a bone dragon)
 37542 | Spider:4 | Received a gift from Yredelemnul (a bone dragon)
 37542 | Spider:4 | Killed Donald
 37544 | Spider:4 | Reached XP level 17. HP: 135/135 MP: 19/26
 37600 | Spider:4 | Your ally Donald died
 37877 | Spider:4 | Received a gift from Yredelemnul (a vampire knight)
 38312 | Spider:4 | Got a gossamer rune of Zot
 38736 | D:12     | Received a gift from Yredelemnul (a ghoul)
 39217 | D:12     | Received a gift from Yredelemnul (a profane servitor)
 39221 | D:12     | Reached skill level 15 in Long Blades
 39640 | D:13     | Found a flagged portal.
 39646 | Bailey   | Entered a bailey
 39705 | Bailey   | Found an iron altar of Okawaru.
 39886 | D:13     | Received a gift from Yredelemnul (a skeletal warrior)
 40338 | D:13     | Found Ilyona's Blood Bar.
 40695 | D:14     | Found an ornate altar of the Wu Jian Council.
 41319 | D:14     | Received a gift from Yredelemnul (a vampire)
 41324 | D:14     | Found a gate to the Vaults.
 41635 | D:15     | Entered Level 15 of the Dungeon
 41759 | D:15     | Found Zoag's Antique Armour Emporium.
 41809 | D:15     | Found Oduxtos's Antique Armour Shop.
 41821 | D:15     | Bought a steaming ring mail for 252 gold pieces
 41822 | D:15     | Identified the +0 ring mail of Giydege {rElec SInv} (You
                  | bought it in a shop on level 15 of the Dungeon)
 41966 | D:15     | Received a gift from Yredelemnul (a vampire)
 42345 | D:15     | Received a gift from Yredelemnul (a skeletal warrior)
 42887 | D:15     | Found a staircase to the Depths.
 43238 | Vaults:1 | Entered Level 1 of the Vaults
 43791 | Swamp:1  | Entered Level 1 of the Swamp
 43858 | Swamp:1  | Received a gift from Yredelemnul (a ghoul)
 44154 | Swamp:1  | Received a gift from Yredelemnul (a vampire)
 44928 | Swamp:2  | Received a gift from Yredelemnul (a vampire knight)
 45030 | Swamp:2  | Noticed Aizul
 45041 | Swamp:2  | Killed Aizul
 45238 | Swamp:2  | Gained mutation: You have a somewhat thin skeletal
                  | structure. (Dex +2, Stealth) [demonic ancestry]
 45238 | Swamp:2  | Reached XP level 18. HP: 144/144 MP: 28/28
 45294 | Swamp:2  | Received a gift from Yredelemnul (a ghoul)
 45933 | Swamp:3  | Received a gift from Yredelemnul (a flayed ghost)
 46848 | Swamp:4  | Entered Level 4 of the Swamp
 47312 | Swamp:4  | Received a gift from Yredelemnul (a skeletal warrior)
 47543 | Swamp:4  | Received a gift from Yredelemnul (a vampire knight)
 47897 | Swamp:4  | Noticed a bone dragon
 47915 | Swamp:4  | Killed a bone dragon
 47929 | Swamp:4  | Got a decaying rune of Zot
 48224 | Vaults:1 | Received a gift from Yredelemnul (a vampire)
 48600 | Vaults:1 | Received a gift from Yredelemnul (a phantasmal warrior)
 48860 | Vaults:1 | You fall into a shaft and drop 1 floor!
 49090 | Vaults:2 | Received a gift from Yredelemnul (a flayed ghost)
 49339 | Vaults:2 | Received a gift from Yredelemnul (a phantasmal warrior)
 49716 | Vaults:2 | Found a staircase to the Crypt.
 49721 | Vaults:2 | Received a gift from Yredelemnul (a skeletal warrior)
 50038 | Vaults:2 | Received a gift from Yredelemnul (a vampire knight)
 50758 | Vaults:3 | Received a gift from Yredelemnul (a ghoul)
 50912 | Vaults:3 | Gained mutation: You have a moderately thin skeletal
                  | structure. (Dex +4, Stealth+) [demonic ancestry]
 50912 | Vaults:3 | Reached XP level 19. HP: 127/151 MP: 29/29
 51037 | Vaults:3 | Received a gift from Yredelemnul (a flayed ghost)
 51754 | Vaults:3 | Received a gift from Yredelemnul (a vampire)
 52744 | Vaults:4 | Received a gift from Yredelemnul (a skeletal warrior)
 53397 | Vaults:4 | Received a gift from Yredelemnul (a ghoul)
 54145 | Vaults:4 | Found a runed translucent gate.
 54146 | Vaults:4 | Found a runed translucent gate.
 54147 | Vaults:4 | Found a runed translucent gate.
 54223 | Vaults:4 | Found Cuatos's General Store.
 54229 | Vaults:4 | Bought a scroll of blinking for 165 gold pieces
 54362 | Vaults:4 | Identified the ring of Music {MR+ Stlth-}
 54364 | Vaults:4 | Received a gift from Yredelemnul (a vampire)
 54608 | Vaults:4 | Noticed Getac's ghost (adept DsGl)
 54629 | Vaults:4 | Killed Getac's ghost
 54809 | Vaults:5 | Entered Level 5 of the Vaults
 54837 | Vaults:5 | Reached skill level 15 in Fighting
 54838 | Vaults:5 | Gained mutation: Your flesh is cold resistant. (rC+)
                  | [demonic ancestry]
 54838 | Vaults:5 | Reached XP level 20. HP: 132/161 MP: 20/30
 54842 | Vaults:5 | Received a gift from Yredelemnul (a vampire)
 54874 | Vaults:5 | Received a gift from Yredelemnul (a bone dragon)
 54899 | Vaults:5 | Received a gift from Yredelemnul (a phantasmal warrior)
 54917 | Vaults:5 | Identified the ring "Rinuujes" {rF++ rN+ MR- Str+4}
 54963 | Vaults:5 | Noticed Xtahua
 54970 | Vaults:5 | Killed Xtahua
 54980 | Vaults:5 | Reached skill level 15 in Invocations
 54981 | Vaults:5 | Received a gift from Yredelemnul (a skeletal warrior)
 54985 | Vaults:5 | Your ally Xtahua died
 55000 | Vaults:5 | Identified the +11 great sword "Haemeog" {freeze, Int+3}
 55008 | Vaults:5 | Noticed a golden dragon
 55239 | Vaults:5 | Killed a golden dragon
 55478 | Vaults:5 | Identified the +10 battleaxe of Woe {vorpal, Dex+3}
 55478 | Vaults:5 | Identified the ring of the Sturgeon {rC+ Int+4 Dex+6}
 55671 | Vaults:5 | Got a masterwork arbalest
 55672 | Vaults:5 | Identified the +8 arbalest "Mimuc" {flame, MR+ Int+6 Dex+3
                  | SInv} (You found it on level 5 of the Vaults)
 55814 | Vaults:5 | Received a gift from Yredelemnul (a bone dragon)
 55938 | Vaults:5 | Noticed an ancient lich
 55949 | Vaults:5 | Killed an ancient lich
 56069 | Vaults:5 | Reached XP level 21. HP: 83/170 MP: 32/32
 56091 | Vaults:5 | Identified the +6 hand axe "Hasimot" {vorpal, Int+2}
 56095 | Vaults:5 | Got a silver rune of Zot
 56649 | Vaults:5 | Identified the +10 flail of Xall {vorpal, +Rage}
 57100 | Vaults:5 | Identified the +6 hand axe of Satyriasis {venom, +Fly rPois
                  | Str-3 Dex+4}
 57112 | Vaults:5 | Noticed a golden dragon
 57118 | Vaults:5 | Killed a golden dragon
 57488 | Vaults:5 | Learned a level 9 spell: Absolute Zero
 58457 | Depths:1 | Entered Level 1 of the Depths
 58490 | Depths:1 | Received a gift from Yredelemnul (a bone dragon)
 58494 | Depths:1 | Reached skill level 1 in Ice Magic
 58496 | Depths:1 | Reached skill level 1 in Spellcasting
 58682 | Depths:1 | Found Damourgh's Magic Scroll Boutique.
 58700 | Depths:1 | Reached skill level 5 in Evocations
 58707 | Depths:1 | Reached skill level 2 in Spellcasting
 58719 | Depths:1 | Bought a scroll of blinking for 157 gold pieces
 58719 | Depths:1 | Bought a scroll of fog for 42 gold pieces
 58719 | Depths:1 | Bought a scroll of teleportation for 63 gold pieces
 58719 | Depths:1 | Bought a scroll of enchant armour for 157 gold pieces
 58719 | Depths:1 | Bought a scroll of enchant weapon for 157 gold pieces
 58719 | Depths:1 | Bought a scroll of torment for 157 gold pieces
 58719 | Depths:1 | Bought a scroll of summoning for 199 gold pieces
 58719 | Depths:1 | Bought a scroll of remove curse for 63 gold pieces
 58851 | Depths:1 | Found a gateway to Hell.
 59093 | Depths:1 | Identified a ring of the Octopus King {MP+9 AC+1 EV+1 Str+1
                  | Int+1 Dex+1}
 59099 | Depths:1 | Received a gift from Yredelemnul (a vampire)
 59124 | Depths:1 | Noticed a golden dragon
 59129 | Depths:1 | Reached skill level 3 in Spellcasting
 59137 | Depths:1 | Killed a golden dragon
 59355 | Depths:1 | Identified Cigotuvi's Grimoire of Mutagenic Dark Magic
 59407 | Depths:1 | Received a gift from Yredelemnul (a flayed ghost)
 59560 | Depths:1 | Found a one-way gate leading to the halls of Pandemonium.
 59668 | Depths:1 | Found a one-way gate to the infinite horrors of the Abyss.
 59979 | Depths:1 | Received a gift from Yredelemnul (a bone dragon)
 60827 | Depths:2 | Received a gift from Yredelemnul (a profane servitor)
 60875 | Depths:2 | Noticed a juggernaut
 60880 | Depths:2 | Reached skill level 10 in Evocations
 60888 | Depths:2 | Reached skill level 4 in Spellcasting
 60901 | Depths:2 | Killed a juggernaut
 60902 | Depths:2 | Reached skill level 5 in Spellcasting
 60914 | Depths:2 | Gained mutation: You are immune to freezing clouds.
                  | [demonic ancestry]
 60914 | Depths:2 | Reached XP level 22. HP: 139/177 MP: 29/33
 60944 | Depths:2 | Reached skill level 6 in Spellcasting
 61428 | Depths:2 | Reached skill level 7 in Spellcasting
 61839 | Depths:2 | Received a gift from Yredelemnul (a skeletal warrior)
 61866 | Depths:2 | Identified the Guide on Gliding Enchantment
 62027 | Depths:2 | Reached skill level 8 in Spellcasting
 62267 | Depths:2 | Identified the Collected Works on Igneous Stones
 62279 | Depths:2 | Noticed a juggernaut
 62285 | Depths:2 | Killed a juggernaut
 62660 | Depths:2 | Reached skill level 9 in Spellcasting
 63189 | Depths:2 | Found a gateway to a ziggurat.
 63272 | Depths:2 | Identified the cursed +2 arbalest of Rubbish {freeze,
                  | Str+4}
 63444 | Depths:3 | Reached skill level 10 in Spellcasting
 63451 | Depths:3 | Received a gift from Yredelemnul (a flayed ghost)
 63485 | Depths:3 | Received a gift from Yredelemnul (a vampire)
 63495 | Depths:3 | Received a gift from Yredelemnul (a profane servitor)
 63522 | Depths:3 | Reached skill level 11 in Spellcasting
 63545 | Depths:3 | Received a gift from Yredelemnul (a vampire)
 63547 | Depths:3 | Paralysed by a sphinx for 7 turns
 64716 | Depths:3 | Reached skill level 12 in Spellcasting
 65751 | Depths:4 | Reached skill level 13 in Spellcasting
 65904 | Depths:4 | Received a gift from Yredelemnul (a vampire knight)
 65911 | Depths:4 | Reached XP level 23. HP: 183/183 MP: 40/40
 66467 | Depths:4 | Found a transporter.
 66479 | Depths:4 | Noticed a caustic shrike
 66485 | Depths:4 | Gained mutation: Your body sometimes deteriorates upon
                  | taking damage. [mutagenic glow]
 66487 | Depths:4 | Killed a caustic shrike
 66520 | Depths:4 | Found a transporter.
 66524 | Depths:4 | Got a crude granite ring
 66525 | Depths:4 | Identified the ring of Hedonism {rN+ Str+2 Dex+5} (You
                  | found it on level 4 of the Depths)
 66528 | Depths:4 | Got a flickering iron ring
 66529 | Depths:4 | Identified the ring "Qoddoiq" {+Inv rPois Str+3} (You found
                  | it on level 4 of the Depths)
 66543 | Depths:4 | Identified the ring of Etset {rF+ Str+4 Stlth+} (You found
                  | it on level 4 of the Depths)
 66546 | Depths:4 | Gained mutation: You are clumsy. (Dex -2) [mutagenic glow]
 66586 | Depths:4 | Gained mutation: You are very clumsy. (Dex -4) [mutagenic
                  | glow]
 66877 | Lair:1   | Acquired the ring "Haleh" {Wiz rF+ Str+3 Int+4 SInv}
 66890 | Lair:1   | Acquired the +0 cloak of the Tuna {MR+ rCorr Str+5}
 67793 | Depths:5 | Entered Level 5 of the Depths
 67954 | Depths:5 | Received a gift from Yredelemnul (a flayed ghost)
 68123 | Depths:5 | Received a gift from Yredelemnul (a flayed ghost)
 68123 | Depths:5 | Received a gift from Yredelemnul (a vampire knight)
 68129 | Depths:5 | Reached skill level 10 in Shields
 68564 | Depths:5 | Received a gift from Yredelemnul (a bone dragon)
 68822 | Depths:5 | Noticed a caustic shrike
 68826 | Depths:5 | Noticed a caustic shrike
 68827 | Depths:5 | Noticed a caustic shrike
 68829 | Depths:5 | Killed a caustic shrike
 68829 | Depths:5 | Noticed a caustic shrike
 68830 | Depths:5 | Noticed a caustic shrike
 68833 | Depths:5 | Killed a caustic shrike
 68838 | Depths:5 | Killed a caustic shrike
 68844 | Depths:5 | Killed a caustic shrike
 68846 | Depths:5 | Killed a caustic shrike
 68847 | Depths:5 | Received a gift from Yredelemnul (a bone dragon)
 69450 | Depths:5 | Found a gate to the Realm of Zot.
 69770 | Zot:1    | Entered Level 1 of the Realm of Zot
 69782 | Zot:1    | Received a gift from Yredelemnul (a vampire)
 70007 | Zot:1    | Noticed an orb of fire
 70023 | Zot:1    | Gained mutation: Armour fits poorly on your strangely
                  | shaped body. [an orb of fire]
 70034 | Zot:1    | Killed an orb of fire
 70044 | Zot:1    | Reached XP level 24. HP: 65/191 MP: 34/40
 70431 | Zot:1    | Noticed an orb of fire
 70739 | Zot:1    | Gained mutation: You tend to lose your temper in combat.
                  | [an orb of fire]
 71767 | Crypt:1  | Entered Level 1 of the Crypt
 71792 | Vaults:2 | Received a gift from Yredelemnul (a vampire knight)
 72158 | Vaults:1 | Lost mutation: You tend to lose your temper in combat.
                  | [potion of mutation]
 72158 | Vaults:1 | Lost mutation: Armour fits poorly on your strangely shaped
                  | body. [potion of mutation]
 72158 | Vaults:1 | Gained mutation: Your natural rate of healing is unusually
                  | fast. [potion of mutation]
 72158 | Vaults:1 | Gained mutation: You tend to lose your temper in combat.
                  | [potion of mutation]
 72158 | Vaults:1 | Lost mutation: Your body sometimes deteriorates upon taking
                  | damage. [potion of mutation]
 72158 | Vaults:1 | Gained mutation: You are resistant to hostile enchantments.
                  | (MR+) [potion of mutation]
 72837 | Vaults:1 | Received a gift from Yredelemnul (a vampire)
 73156 | Vaults:2 | Learned a level 3 spell: Spectral Weapon
 73353 | Hell     | Entered the Vestibule of Hell
 73361 | Hell     | Noticed Geryon
 73375 | Hell     | Killed Geryon
 73405 | Hell     | Received a gift from Yredelemnul (a vampire)
 73514 | Hell     | Received a gift from Yredelemnul (a phantasmal warrior)
 73537 | Hell     | Found a gateway to the ashen valley of Gehenna.
 73549 | Hell     | Received a gift from Yredelemnul (a phantasmal warrior)
 73803 | Hell     | Found a gateway to the Iron City of Dis.
 73940 | Hell     | Received a gift from Yredelemnul (a skeletal warrior)
 73962 | Hell     | Found a gateway to the freezing wastes of Cocytus.
 74159 | Hell     | Found a gateway to the decaying netherworld of Tartarus.
 74591 | Zot:2    | Received a gift from Yredelemnul (a vampire knight)
 75154 | Slime:1  | Entered Level 1 of the Pits of Slime
 75192 | Slime:5  | Entered Level 5 of the Pits of Slime
 75296 | Slime:5  | Reached skill level 15 in Shields
 75433 | Slime:5  | Received a gift from Yredelemnul (a phantasmal warrior)
 75699 | Slime:5  | Found the +8 demon blade "Leech" {vamp, *Rage +Rage rN+}
 75704 | Slime:5  | Found a viscous altar of Jiyva.
 75707 | Slime:5  | Received a gift from Yredelemnul (a bone dragon)
 75744 | Slime:5  | Noticed the Royal Jelly
 75758 | Slime:5  | Killed the Royal Jelly
 75758 | Slime:5  | Reached skill level 15 in Armour
 75837 | Slime:5  | Got a slimy rune of Zot
 75877 | Slime:5  | Identified A Primer on the Arcane Arts
 75932 | Slime:5  | Identified the Almanac of Boosting Shape Shifting
 76064 | Slime:5  | Reached skill level 14 in Spellcasting
 76067 | Slime:5  | Received a gift from Yredelemnul (a flayed ghost)
 76241 | Slime:4  | Gained mutation: Your body sometimes deteriorates upon
                  | taking damage. [a shining eye]
 76243 | Slime:4  | Gained mutation: Your magical capacity is low. (-10% MP) [a
                  | shining eye]
 76244 | Slime:4  | Gained mutation: Your magical capacity is very low. (-20%
                  | MP) [a shining eye]
 76645 | Crypt:1  | Received a gift from Yredelemnul (a vampire)
 76786 | Crypt:1  | Received a gift from Yredelemnul (a profane servitor)
 76950 | Crypt:1  | Received a gift from Yredelemnul (a vampire knight)
 77332 | Crypt:1  | Reached skill level 15 in Spellcasting
 77408 | Crypt:1  | Found a basalt altar of Yredelemnul.
 77435 | Crypt:1  | Reached XP level 25. HP: 196/196 MP: 33/33
 77469 | Crypt:1  | Found the macabre finger necklace {rN+}
 78059 | Crypt:2  | Received a gift from Yredelemnul (a vampire)
 78252 | Crypt:2  | Received a gift from Yredelemnul (a vampire knight)
 78377 | Crypt:2  | Reached skill level 16 in Spellcasting
 78590 | Crypt:2  | Received a gift from Yredelemnul (a phantasmal warrior)
 78709 | Crypt:2  | Received a gift from Yredelemnul (a vampire)
 79167 | Crypt:3  | Entered Level 3 of the Crypt
 79606 | Crypt:3  | Received a gift from Yredelemnul (a flayed ghost)
 79643 | Crypt:3  | Reached skill level 17 in Spellcasting
 79798 | Crypt:3  | Noticed an ancient lich
 79808 | Crypt:3  | Killed an ancient lich
 79991 | Crypt:3  | Identified the +2 scale mail of Nifexzon {rN+} (You found
                  | it on level 3 of the Crypt)
 80225 | Crypt:3  | Received a gift from Yredelemnul (a ghoul)
 80421 | Crypt:3  | Received a gift from Yredelemnul (a skeletal warrior)
 80580 | Crypt:3  | Found a staircase to the Tomb.
 80582 | Crypt:3  | Noticed an ancient lich
 80591 | Crypt:3  | Killed an ancient lich
 80605 | Crypt:3  | Noticed an ancient lich
 80612 | Crypt:3  | Killed an ancient lich
 81632 | Dis:1    | Entered Level 1 of the Iron City of Dis
 81707 | Dis:1    | Reached skill level 18 in Spellcasting
 81853 | Dis:1    | Found a huge runed gate.
 81854 | Dis:1    | Found a huge runed gate.
 81855 | Dis:1    | Found a huge runed gate.
 81856 | Dis:1    | Found a huge runed gate.
 81862 | Dis:1    | Found a huge runed gate.
 81862 | Dis:1    | Found a huge runed gate.
 81870 | Dis:1    | Received a gift from Yredelemnul (a phantasmal warrior)
 82558 | Dis:1    | Received a gift from Yredelemnul (a vampire)
 82676 | Dis:2    | HP: 8/195 [reaper/+0 scythe of flaming[the effects of Hell]
                  | (24)]
 82685 | Hell     | Received a gift from Yredelemnul (a ghoul)
 83134 | Zot:2    | Reached skill level 19 in Spellcasting
 83346 | Zot:2    | Gained mutation: You have an unnaturally thin skeletal
                  | structure. (Dex +6, Stealth++) [demonic ancestry]
 83346 | Zot:2    | Reached XP level 26. HP: 204/204 MP: 36/36
 83393 | Zot:2    | Received a gift from Yredelemnul (a flayed ghost)
 83581 | Zot:2    | Identified the ring "Erapt" {Ice rPois}
 83817 | Zot:2    | Reached skill level 20 in Spellcasting
 84608 | Zot:3    | Received a gift from Yredelemnul (a vampire)
 85293 | Zot:4    | Received a gift from Yredelemnul (a bone dragon)
 85447 | Zot:4    | Reached skill level 21 in Spellcasting
 86165 | Zot:5    | Entered Level 5 of the Realm of Zot
 86266 | Zot:5    | Received a gift from Yredelemnul (a skeletal warrior)
 86272 | Zot:5    | Noticed an orb of fire
 86273 | Zot:5    | Noticed an orb of fire
 86275 | Zot:5    | Gained mutation: You are weak. (Str -2) [an orb of fire]
 86276 | Zot:5    | Gained mutation: Armour fits poorly on your strangely
                  | shaped body. [an orb of fire]
 86376 | Zot:5    | Noticed an orb of fire
 86386 | Zot:5    | Noticed an orb of fire
 86390 | Zot:5    | Noticed an orb of fire
 86463 | Zot:5    | Slain by an Orb Guardian

Illustrated notes

Levels and vault maps discovered:
D:1:      minmay_arrival_four_houses, layout_loops_corners
D:2:      layout_loops_ring, minmay_pentomino_x4
D:3:      layout_basic, old_standard_altar, lemuel_crystal_altar,
          marbit_many_paths, chequers_ecumenical_altar_island
D:4:      layout_loops_ring, uniq_grinder
D:5:      layout_rooms, first_ration
D:6:      layout_basic, elyvilon_altar_5, serial_shops, nicolae_shop_stone,
          uniq_edmund, uniq_sigmund, uniq_eustachio
D:7:      layout_basic, minmay_temple_entry_waves,
          chequers_guarded_unrand_ignorance
D:8:      layout_cave_pools, lair_entry_dummy, serial_shops, nicolae_shop_stone,
          hangedman_pestilent_swarm
D:9:      layout_rooms, hangedman_tell_no_tales, uniq_gastronok, uniq_psyche
D:10:     layout_rooms, lemuel_blue_sif_altar, uniq_nergalle
D:11:     giant_chief_lemuel, layout_basic, david_orc_1_choice
D:12:     layout_roguey
D:13:     layout_loops_ring, enter_bailey_2, guppyfry_shop_blood
D:14:     layout_irregular_city, grunt_vaults_entry_tiered, lemuel_doored_altar
D:15:     hangedman_depths_entry_try_elsewhere_first, layout_basic,
          minmay_splitting_lines, serial_shops, shop, shop
Temple:   eino_narrow_crystal_temple
Lair:1:   layout_cave_pods, infiniplex_staircase_pool_2, serial_bayou_shore_b
Lair:2:   layout_roguey, nicolae_spider_entry_tight_spaces,
          gammafunk_ghost_cemetery, lemuel_fruit_fields
Lair:3:   layout_chaotic_city, skrybe_swamp_entry_bodies, grunt_megastairs_3
Lair:4:   cheibrodos_lair_overgrown_chateau, layout_long_grid, serial_bayou,
          serial_bayou_pond_e, serial_bayou_pond_e, serial_bayou_pond_b,
          serial_bayou_pond_c, serial_bayou_crossing, kennysheep_snail_temple
Lair:5:   kb_forest_paths, layout_long_grid, hangedman_lair_unloving_vines
Lair:6:   evilmike_catoblepas_cave, layout_gridlike,
          minmay_slime_entry_oklob_open, uniq_sonja
Swamp:1:  layout_basic_swamp, hangedman_swamp_ruin_wall
Swamp:2:  layout_basic_swamp, nicolae_swamp_feature_on_the_river_bank,
          swamp_pool3, uniq_aizul
Swamp:3:  layout_falls_marsh, evilmike_swamp_ruin_house_2
Swamp:4:  swamp_pestilence, layout_basic_swamp
Spider:1: layout_spider_delve, drop_trap, minivault_29
Spider:2: layout_spider_delve, drop_trap, uniq_roxanne
Spider:3: layout_spider_delve, spiders_nest_the_unseen
Spider:4: grunt_spider_rune_parallel, nicolae_spider_nook, uniq_donald,
          uniq_arachne
Slime:1:  layout_caves
Slime:2:  layout_caves
Slime:3:  layout_caves
Slime:4:  layout_caves
Slime:5
Orc:1:    layout_caves, serial_shops, uniq_urug
Orc:2:    grunt_orc_tribal_feast, layout_caves, basic_altar,
          nicolae_orc_lava_room
Elf:1:    eino_elf_arrival_sip, layout_geoelf_diagonals,
          hangedman_elven_crosses_minicolossus
Elf:2:    layout_geoelf_octagon, basic_altar, uniq_louise, uniq_jorgrun,
          uniq_saint_roka
Elf:3:    elf_hall, layout_loops_cross, special_room
          [special_room_mythical_zoo], ebering_ghost_rock_garden,
          columned_hall_lemuel
Vaults:1: ontoclasm_vaults_ring_large, vaults_room_door_ring, v_misc_19,
          nicolae_vaults_network_periphery, vaults_dpeg_hooks,
          grunt_vaults_hallway_long, nicolae_vaults_three_branches,
          ontoclasm_vaults_idyll, vaults_dpeg_ring, layout_vaults_omnigrid
Vaults:2: ontoclasm_vaults_shuriken, vaults_room_semicircle,
          hangedman_vaults_nails, minmay_crypt_entry_simple_sparse,
          vaults_standard_mumra_enter_the_diamond,
          nicolae_vaults_little_squares_2, ontoclasm_vaults_ring_square,
          nicolae_vaults_an_arrangement, v_misc_26, v_alt_pattern_3,
          layout_vaults_omnibox, serial_shops, bzr_entry_gold
Vaults:3: v_rooms_3, v_misc_24, ontoclasm_vaults_tryst, sword_in_stone,
          nicolae_vaults_asterisk, vaults_room_hallway, v_misc_17, v_misc_14,
          vaults_room_door_hall, v_pattern_1, vaults_room_pools,
          vaults_mumra_hex, ontoclasm_vaults_eye, layout_vaults_omnicross
Vaults:4: gammafunk_vaults_ghost_tricky_traps, hangedman_vaults_pinch,
          ontoclasm_vaults_gateway, v_pattern_4, hangedman_vaults_trim,
          nicolae_vaults_windows_and_doors_thing, vaults_mumra_chevron,
          vaults_room_hangedman_quadrants, v_misc_9, vaults_dpeg_diagonal,
          nicolae_vaults_diagonal_hallway_7, hangedman_vaults_locks,
          layout_vaults_maze, serial_shops, shop_statue
Vaults:5: uniq_xtahua
Crypt:1:  gammafunk_crypt_yreds_forest, layout_rooms, hex_intersection
Crypt:2:  hangedman_staggered_hall, layout_basic, feat_on_display
Crypt:3:  quadcrypt_mu
Depths:1: layout_gridlike, hell_entry, pan_entry, serial_shops, shop_fountains,
          serial_rivers, chequers_serial_rivers_room_a,
          chequers_serial_rivers_micro_c, chequers_serial_rivers_small_a,
          chequers_serial_rivers_small_3, kennysheep_decorative_pillar,
          minmay_room_of_horrors, minmay_multi_spiral
Depths:2: minmay_the_grid_square_5x5_5x5 [minmay_the_grid_square_5x5_c,
          minmay_the_grid_square_5x5_broken_cross,
          minmay_the_grid_square_5x5_sharp_hourglass,
          minmay_the_grid_square_5x5_seven, minmay_the_grid_square_5x5_minibox,
          minmay_the_grid_square_5x5_two,
          minmay_the_grid_square_5x5_prize_monsterx,
          minmay_the_grid_square_5x5_inset,
          minmay_the_grid_square_5x5_prize_waves,
          minmay_the_grid_square_5x5_forky, minmay_the_grid_square_5x5_empty,
          minmay_the_grid_square_5x5_checkered_statues,
          minmay_the_grid_square_5x5_prize_itemx,
          minmay_the_grid_square_5x5_lines, minmay_the_grid_square_5x5_inner_v,
          minmay_the_grid_square_5x5_checkered,
          minmay_the_grid_square_5x5_prize_junk,
          minmay_the_grid_square_5x5_inverted_slash,
          minmay_the_grid_square_5x5_prize_snowflake,
          minmay_the_grid_square_5x5_n_small,
          minmay_the_grid_square_5x5_shuriken, minmay_the_grid_square_5x5_slash,
          minmay_the_grid_square_5x5_dogpile, minmay_the_grid_square_5x5_fat_x,
          minmay_the_grid_square_5x5_shrine2], layout_gridlike,
          enter_ziggurat_f, hell_entry, chequers_serial_rivers_room_b,
          serial_sigils_hangedman_leer
Depths:3: impenetrable_vault, layout_gridville, chequers_serial_rivers_micro_b,
          pan_entry, special_room [special_room_mythical_zoo], hellmouth_1,
          kennysheep_generic_room_7, infiniplex_staircase_squiggle
Depths:4: gammafunk_its_a_trap, layout_gridlike, hell_entry, abyss_entry
Depths:5: grunt_zot_entry_bicorn, layout_cave_pools, grunt_hell_entry_dis_grunt,
          grunt_pan_entry_sceptre
Hell
Dis:1:    layout_regular_city, hangedman_dis_chains, not_door_vault_due
Dis:2:    layout_gridville, grunt_megastairs_1
Zot:1:    layout_gridlike, lemuel_lake_of_fire
Zot:2:    grunt_twist_and_shout, layout_onion, zot_minivault_3
Zot:3:    layout_misc_corridors, st_stairs_13, grunt_megastairs_4
Zot:4:    layout_basic, lemuel_baited_zot_trap
Zot:5:    layout_misc_corridors

Skill      XL: |  1  2  3  4  5  6  7  8  9 10 11 12 13 14 15 16 17 18 19 20 21 22 23 24 25 26 |
---------------+-------------------------------------------------------------------------------+-----
Dodging        | 3 4 5 6 7 9 10 11 12 13 14 | 14.3
Long Blades    | 3 4 5 6 7 9 10 11 12 13 14 15 16 17 18 | 18.6
Armour         | 1 2 3 4 5 6 7 9 10 11 12 15 | 15.0
Fighting       | 3 4 5 6 7 8 9 11 12 13 14 15 | 15.9
Stealth        | 1 2 3 5 7 8 10 11 12 13 14 | 14.6
Evocations     | 1 2 3 4 10 | 10.0
Invocations    | 2 4 6 7 10 11 13 14 15 | 15.4
Shields        | 1 2 3 4 5 6 7 8 13 15 | 15.0
Ice Magic      | 3 |  3.7
Spellcasting   | 5 13 15 19 21 | 21.7
Throwing       | |  1.8

Action                   |  1- 3 |  4- 6 |  7- 9 | 10-12 | 13-15 | 16-18 | 19-21 | 22-24 | 25-27 || total
-------------------------+-------+-------+-------+-------+-------+-------+-------+-------+-------++-------
Melee: Long sword        |    64 |   173 |   130 |       |       |     7 |       |       |       ||   374
       Headbutt          |    14 |    33 |    59 |   143 |   156 |   291 |   369 |   721 |   528 ||  2314
       Falchion          |       |       |   212 |   658 |       |       |       |       |       ||   870
       Double sword      |       |       |       |    53 |   724 |  1106 |  1041 |  1489 |       ||  4413
       Spear             |       |       |       |       |       |    13 |       |       |       ||    13
       Demon blade       |       |       |       |       |       |       |       |   297 |  1175 ||  1472
Throw: Throwing net      |     1 |     1 |     1 |       |     1 |       |     1 |       |       ||     5
 Cast: Blink             |       |       |       |       |       |       |       |     8 |    12 ||    20
       Spectral Weapon   |       |       |       |       |       |       |       |     2 |    15 ||    17
Invok: Animate Remains   |       |       |     1 |       |       |       |       |       |       ||     1
       Animate Dead      |       |       |       |    39 |    74 |    57 |    33 |    30 |     5 ||   238
       Recall Undead Sla |       |       |       |     4 |    16 |    25 |    10 |     3 |     3 ||    61
       Injury Mirror     |       |       |       |     1 |       |     1 |     1 |     2 |       ||     5
       Drain Life        |       |       |       |       |     1 |     4 |    12 |    12 |     5 ||    34
       Enslave Soul      |       |       |       |       |       |       |       |     1 |       ||     1
 Abil: Evoke Ratskin     |       |       |       |       |     3 |       |     1 |       |       ||     4
Evoke: Wand              |       |       |     7 |    24 |    19 |    18 |     1 |    15 |     1 ||    85
       Phantom mirror    |       |       |       |       |       |       |     1 |       |       ||     1
       Tin of tremorston |       |       |       |       |       |       |       |     2 |     1 ||     3
  Use: Potion            |     1 |     2 |       |     6 |     3 |     3 |     6 |    11 |     6 ||    38
       Scroll            |       |       |    19 |     9 |     5 |    16 |    17 |    19 |     7 ||    92
 Stab: Sleeping          |       |     7 |     9 |    32 |    55 |   107 |    37 |    45 |    33 ||   325
       Distracted        |       |       |     2 |     7 |    12 |    34 |    37 |    39 |    31 ||   162
       Paralysed         |       |       |       |     2 |     4 |     5 |     4 |     4 |     7 ||    26
       Petrified         |       |       |       |       |    11 |       |       |       |       ||    11
       Confused          |       |       |       |       |       |     2 |       |       |     2 ||     4
  Eat: Ration            |     1 |     2 |     4 |    10 |    12 |    15 |     9 |    14 |     8 ||    75
Armor: Leather armour    |    14 |    10 |       |       |       |       |       |       |       ||    24
       Scale mail        |       |    21 |   178 |   356 |   257 |   365 |   229 |   196 |       ||  1602
       Storm dragon scal |       |       |       |       |       |       |       |   314 |   288 ||   602
Dodge: Dodged            |    49 |    90 |   237 |   336 |   424 |  1087 |   761 |  1149 |   449 ||  4582
Block: Buckler           |       |       |       |    48 |   149 |   392 |   314 |   253 |       ||  1156
       Kite shield       |       |       |       |       |       |       |       |   708 |   616 ||  1324
       Rpst.: Long sword |    13 |    31 |    24 |       |       |       |       |       |       ||    68
       Falchion          |       |       |    54 |    87 |       |       |       |       |       ||   141
       Double sword      |       |       |       |    12 |    96 |   182 |   153 |   161 |       ||   604
       Demon blade       |       |       |       |       |       |       |       |    36 |    74 ||   110

Table legend:
 A = Non-vault XP
 B = Vault XP
 C = Vault XP percentage of total XP
 D = Non-vault monster count
 E = Vault monster count
 F = Vault count percentage of total count
                 A         B        C        D         E       F
            +---------+---------+-------+---------+---------+-------
      Total |  823418 |  639165 |  43.7 |    1841 |    1027 |  35.8
            +---------+---------+-------+---------+---------+-------
        D:1 |      27 |       0 |   0.0 |      14 |       0 |   0.0
        D:2 |     235 |      17 |   6.7 |      29 |       3 |   9.4
        D:3 |     278 |       1 |   0.4 |      26 |       1 |   3.7
        D:4 |     311 |     281 |  47.5 |      12 |       1 |   7.7
        D:5 |     404 |       0 |   0.0 |      15 |       0 |   0.0
        D:6 |     488 |     447 |  47.8 |      12 |       3 |  20.0
        D:7 |    1199 |       0 |   0.0 |      31 |       0 |   0.0
        D:8 |    1710 |     349 |  16.9 |      35 |       4 |  10.3
        D:9 |     566 |    2314 |  80.3 |      29 |       8 |  21.6
       D:10 |    3185 |     760 |  19.3 |      38 |       1 |   2.6
       D:11 |    2405 |    4079 |  62.9 |      14 |      21 |  60.0
       D:12 |    4547 |       0 |   0.0 |      43 |       0 |   0.0
       D:13 |    7683 |       0 |   0.0 |      38 |       0 |   0.0
       D:14 |    4341 |    5572 |  56.2 |      18 |      25 |  58.1
       D:15 |   12840 |    1793 |  12.3 |      47 |       4 |   7.8
     Lair:1 |    2639 |       0 |   0.0 |      15 |       0 |   0.0
     Lair:2 |    4749 |    2146 |  31.1 |      18 |       9 |  33.3
     Lair:3 |    3299 |     330 |   9.1 |      12 |       3 |  20.0
     Lair:4 |    2780 |    5328 |  65.7 |      10 |      19 |  65.5
     Lair:5 |    3263 |    3517 |  51.9 |      17 |      22 |  56.4
     Lair:6 |    6951 |    9984 |  59.0 |      29 |      27 |  48.2
    Swamp:1 |   13504 |       0 |   0.0 |      44 |       0 |   0.0
    Swamp:2 |    9610 |    1318 |  12.1 |      33 |       1 |   2.9
    Swamp:3 |    8845 |       0 |   0.0 |      23 |       0 |   0.0
    Swamp:4 |    7038 |    9784 |  58.2 |      23 |      42 |  64.6
   Spider:1 |    8113 |    5928 |  42.2 |      36 |      45 |  55.6
   Spider:2 |    8733 |       0 |   0.0 |      38 |       0 |   0.0
   Spider:3 |   12735 |     869 |   6.4 |      45 |       1 |   2.2
   Spider:4 |   13585 |   22306 |  62.1 |      41 |      66 |  61.7
    Slime:3 |    1070 |       0 |   0.0 |       1 |       0 |   0.0
    Slime:4 |    1212 |       0 |   0.0 |       4 |       0 |   0.0
    Slime:5 |   18866 |   30956 |  62.1 |      37 |      14 |  27.5
      Orc:1 |    1709 |       0 |   0.0 |      18 |       0 |   0.0
      Orc:2 |     692 |    4330 |  86.2 |      22 |      29 |  56.9
      Elf:1 |    6766 |    9597 |  58.7 |      16 |      21 |  56.8
      Elf:2 |   12450 |   18758 |  60.1 |      25 |      43 |  63.2
      Elf:3 |    6618 |   35417 |  84.3 |      14 |      44 |  75.9
   Vaults:1 |   20170 |    3465 |  14.7 |      50 |       6 |  10.7
   Vaults:2 |   24112 |   15625 |  39.3 |      59 |      24 |  28.9
   Vaults:3 |   36182 |   15208 |  29.6 |      88 |      28 |  24.1
   Vaults:4 |   22784 |   22354 |  49.5 |      39 |      38 |  49.4
   Vaults:5 |   47179 |   99927 |  67.9 |      84 |      94 |  52.8
    Crypt:1 |   24060 |   19341 |  44.6 |      44 |      17 |  27.9
    Crypt:2 |   27472 |   16310 |  37.3 |      46 |      23 |  33.3
    Crypt:3 |       0 |   57646 | 100.0 |       0 |      75 | 100.0
   Depths:1 |   38443 |   16367 |  29.9 |      63 |      31 |  33.0
   Depths:2 |   30944 |   59695 |  65.9 |      48 |      62 |  56.4
   Depths:3 |   51391 |   16559 |  24.4 |      78 |      28 |  26.4
   Depths:4 |   24584 |    9946 |  28.8 |      32 |       7 |  17.9
   Depths:5 |   71044 |   20334 |  22.3 |      72 |      28 |  28.0
       Hell |   13977 |   20057 |  58.9 |      25 |      48 |  65.8
      Dis:1 |   33286 |   12050 |  26.6 |      61 |      11 |  15.3
      Dis:2 |    3470 |       0 |   0.0 |      13 |       0 |   0.0
      Zot:1 |   53491 |       0 |   0.0 |      38 |       0 |   0.0
      Zot:2 |   32007 |   31749 |  49.8 |      29 |      30 |  50.8
      Zot:3 |   24485 |    2212 |   8.3 |      17 |       3 |  15.0
      Zot:4 |   32861 |       0 |   0.0 |      20 |       0 |   0.0
      Zot:5 |   16030 |   23730 |  59.7 |      13 |      11 |  45.8
     Bailey |       0 |     409 | 100.0 |       0 |       6 | 100.0
            +---------+---------+-------+---------+---------+-------
